 Dungeon Crawl Stone Soup version 0.32-a0-891-gc41d80381e (console) character file.

Game seed: 12756232525777555279

1216 Kenran the Grappler (level 8, -7/62 HPs)
             Began as a Minotaur Alchemist on Apr 3, 2024.
             Was a High Priest of Ignis.
             Mangled by Maggie
             ... wielding a +0 heavy glaive
              (24 damage)
             ... on level 6 of the Dungeon.
             The game lasted 00:11:38 (4361 turns).

Kenran the Grappler (Minotaur Alchemist)            Turns: 4361, Time: 00:11:39

Health: -7/62      AC:  9    Str: 14    XL:     8   Next: 22%
Magic:  9/9        EV:  8    Int: 12    God:    Ignis [*****.]
Gold:   280        SH:  0    Dex: 12    Spells: 8/9 levels left

rFire   + .          .
                       - Unarmed
rCold   . . .        (no shield)
rNeg    . . .        q - +0 plate armour
rPois   .            (helmet restricted)
rElec   .            w - +0 cloak
rCorr   .            (no gloves)
SInv    .            e - +0 pair of boots
Will    .....        r - amulet of the acrobat Stlth
                     g - +5 ring of evasion
HPRegen 0.30/turn    (no ring)
MPRegen 0.11/turn

%: acrobat
@: mighty, corroded, mesmerised
A: horns 2, retaliatory headbutt
a: Renounce Religion, Fiery Armour, Foxfire Swarm, Rising Flame


You were on level 6 of the Dungeon.
You worshipped Ignis.
Ignis was extremely pleased with you.
You visited 1 branch of the dungeon, and saw 6 of its levels.

You collected 350 gold pieces.
You spent 70 gold pieces at shops.

Inventory:

Missiles
 h - 2 curare-tipped darts
Armour
 e - a +0 pair of boots (worn)
 q - a +0 plate armour (worn)
 w - a +0 cloak (worn)
Jewellery
 g - a +5 ring of evasion (left hand)
 l - a ring of see invisible
 r - an amulet of the acrobat (around neck)
 t - a ring of ice
Scrolls
 c - a scroll of brand weapon
 d - a scroll of immolation {!r}
 f - 3 scrolls of blinking
 m - 4 scrolls of teleportation
 n - a scroll of fear {unknown}
 o - 2 scrolls of revelation
 p - a scroll of enchant weapon {unknown}
 s - a scroll of vulnerability {unknown}
 v - a scroll of poison {unknown}
Potions
 a - 2 potions of curing {unknown}
 b - a potion of magic
 i - a potion of attraction {unknown}
 j - a potion of degeneration {unknown}
 k - 2 potions of might
 u - a potion of lignification {unknown}


   Skills:
 + Level 2.8 Fighting
 + Level 2.8 Armour
 - Level 2.1 Dodging
 - Level 1.5 Stealth
 - Level 10.0 Unarmed Combat
 - Level 1.3 Spellcasting
 - Level 0.6 Conjurations
 - Level 2.1 Alchemy


You had 8 spell levels left.
You knew the following spells:

 Your Spells              Type           Power      Damage    Failure   Level
a - Sting                 Conj/Alch      16%        1d4       100%        1

Your spell library contained the following spells:

 Spells                   Type           Power      Damage    Failure   Level
 Mercury Vapours          Alch/Air       6%         N/A       100%        2
 Mephitic Cloud           Conj/Alch/Air  3%         N/A       100%        3
 Sigil of Binding         Hex            0%         N/A       100%        3
 Olgreb's Toxic Radiance  Alch           6%         N/A       100%        4
 Sticky Flame             Fire/Alch      3%         2d4       100%        4
 Death Channel            Necr           0%         N/A       100%        6
 Sculpt Simulacrum        Ice/Alch       1%         N/A       100%        6
 Malign Gateway           Summ/Tloc      0%         N/A       100%        7
 Summon Horrible Things   Summ           0%         N/A       100%        8
 Chain Lightning          Conj/Air       0%         2d1       100%        9
 Fire Storm               Conj/Fire      0%         6d1       100%        9
 Shatter                  Erth           0%         3d5*      100%        9


Dungeon Overview and Level Annotations

Branches:
Dungeon (6/15)
 Temple: D:4-7

Altars:
Ignis

Shops:
D:1 (   D:3 !

Annotations:
D:6 Maggie


Innate Abilities, Weirdness & Mutations

You have a pair of horns on your head.
You reflexively headbutt those who attack you in melee.


Message History

The white imp is severely wounded.
The white imp closely misses you.
You barely miss the white imp.
The white imp is severely wounded.
The white imp hits you but does no damage.
You punch the white imp!
You kill the white imp!
No target in view!
Found a falchion and 4 stones.
Maggie the Vainglorious comes into view.
She is wielding a +0 heavy glaive and carrying a wand of acid.
Maggie moves out of view.
Maggie casts a spell.
Maggie attempts to bespell you!
You are mesmerised by Maggie!
Found an inky potion.
Maggie zaps a wand.
The bolt of acid misses you.
You barely miss Maggie. You barely miss Maggie. Your headbutt misses Maggie.
Maggie smiles, but it's obviously fake.
Maggie hits you with a +0 heavy glaive!
It was a potion of might.
You feel very mighty all of a sudden.
Maggie points at you and mumbles some strange words.
The bolt of fire hits you. You resist.
You hit Maggie. You headbutt Maggie.
Maggie is lightly wounded.
Maggie hits you with a +0 heavy glaive!
You punch Maggie! You headbutt Maggie!
Maggie is heavily wounded.
You punch Maggie!
Maggie is severely wounded.
Maggie zaps a wand.
The bolt of acid hits you!
* * * LOW HITPOINT WARNING * * *
The acid corrodes you!
You punch Maggie!
Maggie is almost dead.
You punch Maggie! Your headbutt misses Maggie. Your punch misses Maggie.
Maggie is almost dead.
Maggie hits you with a +0 heavy glaive!!
You die...
Ignis goes out, and joins you in death.

#..≈ .#.... . #####..
≈#.#..... ####.....
....#.#. #....≈≈≈##
##... ..
#.#≈≈≈###.##...# .# #
..≈≈...###.#...##.#.##.#
.~≈..#.≈~##..#.........#
.#.≈≈~..≈~.#...#@@#..#.
.##..≈...≈≈..#..........
.#.#.≈.#.##..#.#.......!
..###..#.##..#.#.##..#.#
.......#.##..#.#.. ....#
###.####....##..... .###
### #)#########.. # #.#
... ..( ~^.#


You could see Maggie (mesmerising).

Vanquished Creatures
  Edmund (D:5)
  An ice beast (D:5)
  An ogre (D:5)
  A kobold brigand (D:4)
  2 scorpions (D:5)
  3 wights
  2 orc priests (D:4)
  Crazy Yiuf (D:5)
  Natasha (twice) (D:4)
  An iguana (D:5)
  5 orc wizards
  Robin (D:4)
  3 gnolls (D:5)
  14 adders
  2 white imps
  5 dart slugs
  2 ribbon worms
  12 orcs
  8 endoplasms
  2 giant cockroaches
  15 goblins
  8 hobgoblins
  4 jackals
  2 quokkas
  4 ball pythons
  5 bats
  3 frilled lizards
  7 kobolds
  3 rats
120 creatures vanquished.

Notes
Turn   | Place    | Note
-------+----------+-------------------------------------------
     0 | D:1      | Kenran the Minotaur Alchemist began the quest for the Orb.
     0 | D:1      | Reached XP level 1. HP: 14/14 MP: 1/1
   224 | D:1      | Reached skill level 1 in Unarmed Combat
   385 | D:1      | Found Veek's Weapon Shop.
   401 | D:1      | Reached XP level 2. HP: 20/20 MP: 3/3
   402 | D:1      | Reached skill level 2 in Unarmed Combat
  1099 | D:2      | Reached skill level 3 in Unarmed Combat
  1131 | D:2      | Reached XP level 3. HP: 22/26 MP: 4/4
  1198 | D:2      | Found a faded altar of an unknown god.
  1577 | D:2      | Prayed at the altar of an unknown god.
  1577 | D:2      | Became a worshipper of Ignis, the Dying Flame
  1871 | D:3      | Found Udyqog's Distillery.
  1901 | D:3      | Bought a potion of heal wounds for 70 gold pieces
  1972 | D:3      | Reached skill level 4 in Unarmed Combat
  1972 | D:3      | Reached XP level 4. HP: 24/33 MP: 5/5
  2225 | D:4      | Noticed a kobold brigand
  2238 | D:4      | Killed a kobold brigand
  2239 | D:4      | Reached skill level 5 in Unarmed Combat
  2239 | D:4      | Reached XP level 5. HP: 34/38 MP: 6/6
  2628 | D:4      | Reached skill level 6 in Unarmed Combat
  2637 | D:4      | Noticed Natasha
  2644 | D:4      | Killed Natasha
  2768 | D:4      | Noticed Natasha
  2775 | D:4      | Killed Natasha
  2799 | D:4      | Reached XP level 6. HP: 34/45 MP: 7/7
  2809 | D:5      | Entered Level 5 of the Dungeon
  2813 | D:5      | Reached skill level 7 in Unarmed Combat
  2981 | D:5      | Noticed an ice beast
  2989 | D:4      | Noticed Robin
  3001 | D:4      | Killed Robin
  3007 | D:4      | Reached skill level 8 in Unarmed Combat
  3007 | D:4      | Reached XP level 7. HP: 17/50 MP: 8/8
  3568 | D:5      | Reached skill level 9 in Unarmed Combat
  3598 | D:5      | Noticed Edmund
  3631 | D:5      | Killed Edmund
  3792 | D:5      | Reached skill level 10 in Unarmed Combat
  3827 | D:5      | Reached skill level 1 in Fighting
  3827 | D:5      | Reached skill level 1 in Armour
  3827 | D:5      | Reached XP level 8. HP: 58/59 MP: 9/9
  4169 | D:5      | Found a runed translucent door.
  4170 | D:5      | Noticed Crazy Yiuf
  4271 | D:5      | Killed Crazy Yiuf
  4349 | D:6      | Noticed Maggie
  4361 | D:6      | Mangled by Maggie

Illustrated notes

Levels and vault maps discovered:
D:1:      dpeg_arrival_stone_temple_mockup, layout_loops_ring, serial_shops,
          nicolae_shop_window_shopping, minmay_misc_feat_doors
D:2:      layout_loops_ring, nicolae_ecumenical_lake_church, minmay_between
D:3:      layout_rooms, serial_shops, shop
D:4:      minmay_clustersquares, layout_basic, uniq_natasha, uniq_robin
D:5:      layout_rooms, nicolae_half_adder, uniq_edmund, uniq_crazy_yiuf_cottage
D:6:      layout_loops_cross, mainiacjoe_overflow_alcove_4,
          minmay_temple_entry_slanted, serial_rivers,
          chequers_serial_rivers_micro_a, chequers_serial_rivers_small_a,
          chequers_serial_rivers_room_b, chequers_serial_rivers_micro_c,
          chequers_serial_rivers_small_b, chequers_serial_rivers_marsh,
          serial_shops, nicolae_shop_back_alley_shop, uniq_grinder,
          uniq_blork_the_orc, uniq_menkaure, uniq_maggie

Skill      XL: |  1  2  3  4  5  6  7  8 |
---------------+-------------------------+-----
Unarmed Combat | 1 3 4 5 6 8 10 | 10.0
Fighting       | 1 2 |  2.8
Armour         | 1 2 |  2.8
Dodging        | |  2.1
Stealth        | |  1.5
Spellcasting   | |  1.3
Conjurations   | |  0.6
Alchemy        | |  2.1

Action                     |  1- 3 |  4- 6 |  7- 9 || total
---------------------------+-------+-------+-------++-------
  Melee: Unarmed           |   108 |   113 |   144 ||   365
         Headbutt          |    23 |    24 |    35 ||    82
         Punch             |     1 |     3 |     4 ||     8
   Cast: Sting             |     2 |       |       ||     2
 Invoke: Fiery Armour      |       |       |     2 ||     2
    Use: Scroll            |     4 |     2 |     1 ||     7
         Potion            |       |       |     3 ||     3
   Stab: Sleeping          |     2 |       |       ||     2
 Armour: Leather armour    |    23 |       |       ||    23
         Robe              |     5 |       |       ||     5
         Plate armour      |    25 |    70 |    84 ||   179
         Scale mail        |    16 |       |       ||    16
  Dodge: Dodged            |    64 |    40 |    51 ||   155

Table legend: (Time is in decaauts)
 A = Elapsed time spent in this place.
 B = Non-inter-level travel time spent in this place.
 C = Inter-level travel time spent in this place.
 D = Time resting spent in this place.
 E = Time spent auto-exploring this place.
 F = Levels seen in this place.
 G = Mean time per level.
                   A        B        C        D        E       F      G
               +--------+--------+--------+--------+--------+-----+--------+
         Total |   4335 |   4078 |    257 |    439 |   2321 |   6 |  722.5 |
       Dungeon |   4335 |   4078 |    257 |    439 |   2321 |   6 |  722.5 |
               +--------+--------+--------+--------+--------+-----+--------+

Top non-repeatable levels by time:
     D:5: 1012 daAuts
     D:4: 997 daAuts
     D:1: 886 daAuts
     D:2: 792 daAuts
     D:3: 595 daAuts
     D:6: 51 daAuts
